Map: 백워터 - 래더

Players

Dark

  • Race: Zerg Zerg
  • Spawn Location: 11:00

Solar - Winner!

  • Race: Zerg Zerg
  • Spawn Location: 5:00

Event: IEM Season 12 - Katowice

VOD

Have the link to the VOD?

Description

Time

  • Played on: March 1, 2018, 1:33 p.m.
  • Length: 19:56

All games in this series

Show
View Real Time Build Order
Export as new Build Order

Dark Zerg 

Build Orders: Hatch First, Lurkers 

Get SALT Encoding   

  12  0:00  Drone  
  13  0:12  Overlord  
  13  0:16  Drone  
  14  0:30  Drone x2  
  14  0:34  Drone  
  17  0:51  Hatchery  
  17  0:53  Drone  
  17  0:57  Drone  
  18  1:07  Extractor  
  17  1:12  Spawning Pool  
  17  1:14  Drone  
  18  1:18  Drone  
  18  1:27  Drone  
  19  1:40  Drone  
  20  1:49  Overlord  
  20  1:58  Queen  
  22  2:03  Zergling x4  
  22  2:08  Spine Crawler, Metabolic Boost  
  23  2:10  Zergling x2  
  24  2:15  Zergling x2  
  25  2:25  Zergling x2  
  27  2:34  Zergling x2  
  28  2:40  Queen  
  28  2:43  Overlord  
  30  2:57  Hatchery  
  29  3:01  Zergling x2  
  29  3:05  Evolution Chamber  
  29  3:06  Zergling x4  
  29  3:09  Zergling x4  
  34  3:19  Evolution Chamber  
  33  3:20  Zergling x2  
  34  3:30  Zergling x2  
  35  3:42  Zergling x2  
  36  3:50  Zerg Melee Weapons Level 1, Zergling x4  
  36  3:51  Overlord  
  38  4:00  Overlord  
  37  4:10  Zergling x2  
  38  4:18  Zergling x4  
  40  4:29  Zergling x2  
  40  4:30  Zergling x2  
  42  4:37  Zergling x4  
  42  4:38  Zergling x4  
  43  4:42  Drone x2  
  42  4:49  Drone  
  43  4:53  Drone  
  43  4:59  Drone x3  
  47  5:01  Drone  
  47  5:04  Drone  
  49  5:09  Drone  
  49  5:10  Drone x2  
  53  5:14  Drone  
  53  5:20  Drone  
  52  5:23  Drone  
  51  5:29  Drone  
  51  5:33  Hatchery  
  51  5:34  Drone  
  51  5:35  Drone x2  
  54  5:37  Drone x2  
  54  5:38  Drone  
  54  5:39  Drone  
  58  5:47  Lair  
  56  5:51  Roach Warren  
  55  5:57  Drone x2  
  55  5:58  Zerg Missile Weapons Level 1  
  55  6:01  Extractor x2  
  55  6:08  Queen  
  55  6:10  Drone x2  
  59  6:13  Overlord  
  59  6:29  Drone x2  
  59  6:32  Drone  
  57  6:40  Drone  
  57  6:43  Drone x3  
  57  6:44  Drone x3  
  57  6:45  Drone  
  63  6:50  Drone  
  62  7:00  Extractor  
  58  7:03  Drone x5  
  58  7:04  Drone x2  
  58  7:07  Glial Reconstitution  
  58  7:08  Roach x3, Hydralisk Den  
  66  7:14  Unknown  
  70  7:16  Roach, Overlord  
  70  7:20  Roach  
  70  7:22  Extractor x2  
  72  7:25  Roach, Overlord x2  
  72  7:27  Overlord  
  74  7:33  Queen  
  74  7:35  Drone x3  
  74  7:36  Drone x2  
  81  7:37  Overlord  
  81  7:45  Roach x3  
  81  7:46  Overseer  
  81  7:48  Drone x2  
  89  7:56  Evolution Chamber  
  89  7:57  Drone  
  89  7:58  Hydralisk x3  
  89  8:04  Lurker Den  
  94  8:06  Roach x4  
  94  8:08  Unknown  
  103  8:14  Spore Crawler, Roach x2  
  103  8:15  Roach x2  
  103  8:16  Ravager x3  
  103  8:19  Overlord  
  113  8:23  Zerg Missile Weapons Level 2  
  113  8:28  Overlord x3  
  113  8:30  Overlord  
  113  8:36  Overlord  
  113  8:39  Roach x4  
  113  8:40  Overlord x2  
  121  8:46  Roach x2  
  125  8:50  Ravager x2  
  125  8:53  Roach x3  
  133  8:58  Roach x7  
  133  9:01  Roach x2  
  151  9:06  Roach x2  
  155  9:15  Roach x2  
  157  9:21  Roach  
  157  9:22  Roach  
  157  9:25  Roach x3  
  157  9:26  Roach x2  
  157  9:27  Roach  
  157  9:28  Unknown  
  165  9:32  Lurker x2  
  167  9:38  Roach x2  
  167  9:39  Roach x2  
  171  9:47  Roach x2  
  175  9:56  Lurker  
  176  10:00  Overlord x3  
  176  10:01  Overseer  
  176  10:07  Overlord  
  176  10:16  Hydralisk  
  176  10:18  Hydralisk  
  176  10:19  Hydralisk x2  
  184  10:22  Grooved Spines  
  182  10:40  Zerg Ground Armor Level 1  
  180  10:50  Hydralisk x3  
  180  10:51  Hydralisk  
  180  10:55  Overseer  
  188  10:59  Infestation Pit  
  188  11:00  Lurker  
  188  11:01  Lurker x2  
  190  11:10  Pneumatized Carapace  
  190  11:18  Spine Crawler  
  190  11:20  Hatchery  
  186  11:30  Roach x3  
  190  11:33  Muscular Augments  
  190  11:36  Roach  
  190  11:38  Roach  
  190  11:39  Roach x2  
  191  11:48  Roach x2  
  191  11:52  Hive  
  188  12:04  Lurker x3  
  188  12:05  Roach x4  
  188  12:07  Hydralisk  
  199  12:16  Hatchery  
  199  12:18  Drone x2, Hatchery  
  200  12:31  Overseer  
  196  12:45  Drone x2  
  196  12:46  Drone x2  
  200  12:52  Extractor x2  
  200  12:53  Lurker  
  199  12:58  Zerg Ground Armor Level 2  
  199  13:00  Evolution Chamber  
  199  13:03  Drone  
  195  13:12  Viper x2  
  179  13:13  Hydralisk  
  181  13:21  Burrow  
  181  13:24  Spine Crawler  
  171  13:27  Drone x5, Spine Crawler  
  171  13:30  Drone x2  
  171  13:31  Hydralisk, Lurker  
  171  13:32  Hydralisk x4  
  173  13:35  Lurker  
  173  13:37  Overlord x2  
  174  13:41  Zerg Missile Weapons Level 3  
  174  13:46  Drone x2  
  174  13:47  Drone x2  
  178  13:48  Extractor  
  178  13:49  Extractor  
  178  13:50  Hydralisk x5  
  186  14:03  Hydralisk x6  
  198  14:11  Spine Crawler x2  
  198  14:13  Overseer  
  198  14:16  Hydralisk x2  
  200  14:18  Unknown  
  200  14:22  Spine Crawler  
  200  14:24  Hydralisk x4  
  198  14:42  Viper x2  
  198  14:44  Hydralisk x2  
  197  14:45  Overseer  
  177  15:13  Adaptive Talons  
  170  15:17  Hydralisk x4  
  170  15:19  Roach x7  
  170  15:20  Roach x3  
  180  15:29  Zerg Ground Armor Level 3  
  180  15:31  Roach x2  
  180  15:32  Roach  
  188  15:35  Roach  
  186  15:50  Lurker x5  
  186  15:57  Drone  
  189  16:04  Hydralisk x6  
  195  16:12  Hatchery  
  194  16:28  Hydralisk x2  
  198  16:35  Unknown, Hydralisk x2  
  198  16:36  Unknown  
  198  16:37  Unknown x2  
  198  16:38  Unknown x2  
  194  17:09  Hydralisk x2  
  194  17:11  Unknown  
  193  17:19  Viper x2  
  181  17:37  Hydralisk  
  181  17:38  Hydralisk x8  
  181  17:39  Hydralisk x5  
  200  17:44  Hydralisk  
  197  17:58  Hydralisk  
  167  18:08  Hydralisk x12  
  167  18:09  Hydralisk  
  167  18:11  Hydralisk x3  
  167  18:24  Hydralisk  
  137  18:37  Hydralisk x2  
  137  18:40  Hydralisk x2  
  139  18:58  Hydralisk  
  139  19:09  Hydralisk  
Show
View Real Time Build Order
Export as new Build Order

Solar Zerg - Winner!

Build Orders: Pool First, Lurkers 

Get SALT Encoding   

  12  0:17  Spawning Pool  
  11  0:22  Drone  
  11  0:26  Drone  
  13  0:30  Drone  
  14  0:40  Overlord  
  14  1:03  Zergling x4  
  16  1:05  Zergling x2  
  17  1:15  Hatchery  
  16  1:18  Zergling x2  
  17  1:26  Zergling x2  
  18  1:34  Queen  
  18  1:38  Zergling x2  
  21  1:50  Overlord  
  21  1:59  Drone  
  22  2:09  Queen  
  22  2:10  Drone  
  25  2:20  Drone  
  26  2:28  Drone  
  26  2:29  Queen  
  29  2:33  Drone  
  30  2:37  Drone  
  30  2:44  Drone x3  
  33  2:49  Drone  
  35  2:51  Overlord  
  35  2:56  Drone  
  36  3:01  Drone  
  35  3:09  Queen  
  35  3:11  Drone  
  38  3:15  Spine Crawler  
  38  3:16  Zergling x2  
  38  3:20  Zergling x2  
  38  3:24  Drone x2  
  41  3:27  Overlord  
  41  3:28  Drone  
  41  3:33  Drone  
  42  3:37  Drone  
  43  3:41  Overlord, Extractor x2  
  41  3:56  Evolution Chamber  
  41  3:57  Zergling x4  
  41  3:58  Evolution Chamber  
  41  4:00  Roach Warren  
  41  4:02  Zergling x2  
  41  4:03  Zergling x4  
  41  4:05  Drone  
  41  4:07  Drone  
  46  4:10  Drone  
  44  4:18  Drone  
  44  4:20  Drone x3  
  48  4:25  Drone  
  49  4:33  Drone  
  49  4:37  Drone  
  50  4:42  Drone  
  49  4:47  Drone  
  50  4:57  Drone x2  
  50  4:58  Drone  
  52  5:03  Overlord x2  
  52  5:13  Drone  
  50  5:14  Drone  
  50  5:18  Drone  
  52  5:23  Drone x2, Lair  
  52  5:24  Drone  
  52  5:25  Drone  
  56  5:37  Drone, Extractor  
  56  5:38  Drone  
  58  5:42  Hatchery  
  58  5:43  Drone  
  58  5:44  Extractor x2  
  56  5:51  Drone x4  
  60  5:58  Drone  
  60  6:03  Drone x2  
  62  6:05  Drone x3  
  65  6:13  Overlord  
  65  6:16  Drone x2  
  65  6:18  Overlord  
  67  6:20  Overlord  
  65  6:33  Drone x2  
  65  6:34  Drone  
  65  6:37  Drone x2  
  67  6:40  Drone  
  67  6:42  Drone  
  67  6:43  Spire  
  67  6:44  Drone x2  
  67  6:45  Drone  
  70  6:48  Drone  
  70  6:51  Overseer  
  70  6:53  Drone  
  71  6:58  Zerg Missile Weapons Level 1  
  70  7:01  Glial Reconstitution  
  70  7:02  Zerg Ground Armor Level 1  
  70  7:06  Drone x2  
  76  7:08  Roach x2  
  76  7:09  Roach  
  76  7:11  Roach  
  76  7:12  Extractor  
  76  7:13  Roach  
  81  7:16  Roach  
  81  7:18  Overlord  
  81  7:20  Roach  
  81  7:21  Roach  
  87  7:24  Roach  
  87  7:25  Roach  
  91  7:31  Roach x3  
  91  7:33  Overlord  
  91  7:36  Overlord  
  97  7:38  Roach x2  
  97  7:40  Overlord  
  101  7:45  Roach x2  
  101  7:50  Overlord  
  105  7:52  Overlord  
  105  7:54  Roach x4  
  105  7:56  Ravager x4  
  117  7:58  Overlord  
  117  8:01  Roach  
  117  8:04  Roach x2  
  123  8:07  Overlord  
  123  8:10  Roach x2  
  127  8:13  Overlord  
  127  8:15  Roach  
  127  8:16  Roach  
  131  8:20  Overlord  
  131  8:23  Overseer  
  131  8:25  Ravager x2  
  133  8:27  Roach x3  
  139  8:35  Hatchery  
  139  8:37  Roach  
  139  8:40  Roach x2  
  144  8:42  Drone  
  145  8:49  Roach x3  
  145  8:53  Zerg Missile Weapons Level 2  
  145  8:55  Roach x2  
  155  8:58  Overlord  
  155  9:00  Roach x2  
  155  9:02  Ravager  
  160  9:05  Roach x2  
  160  9:06  Overlord  
  166  9:10  Roach  
  166  9:14  Roach  
  166  9:15  Overlord  
  166  9:16  Burrow  
  164  9:18  Roach  
  164  9:22  Roach  
  164  9:23  Roach x2  
  168  9:26  Roach  
  168  9:27  Roach  
  168  9:29  Roach  
  170  9:32  Drone x3  
  170  9:35  Roach  
  173  9:41  Tunneling Claws  
  175  9:45  Roach x2  
  175  9:47  Roach  
  175  9:49  Queen  
  175  9:51  Roach  
  181  9:52  Extractor  
  181  9:54  Roach x2  
  183  10:02  Extractor, Hydralisk Den  
  183  10:04  Roach x2  
  183  10:05  Roach  
  187  10:08  Roach  
  187  10:12  Extractor  
  187  10:13  Drone x3  
  189  10:21  Roach x3, Ravager  
  192  10:25  Roach x2  
  195  10:29  Roach x2  
  195  10:31  Ravager  
  198  10:36  Lurker Den  
  185  10:50  Hydralisk  
  185  10:51  Hydralisk x5  
  185  10:55  Roach x39  
  197  11:18  Drone x2  
  195  11:19  Drone, Infestation Pit  
  195  11:21  Hydralisk x2  
  195  11:22  Roach  
  195  11:24  Zerg Ground Armor Level 2  
  199  11:26  Roach x33  
  184  11:42  Hydralisk x3  
  184  11:46  Grooved Spines  
  184  11:57  Roach x26  
  184  11:58  Hive  
  184  12:00  Drone x2  
  184  12:02  Lurker x6  
  184  12:08  Pneumatized Carapace  
  184  12:13  Hydralisk x3  
  184  12:15  Spine Crawler  
  189  12:17  Spine Crawler  
  189  12:19  Hydralisk x2  
  189  12:22  Hatchery  
  191  12:26  Overseer  
  191  12:40  Queen  
  189  12:45  Roach x5  
  189  12:49  Queen  
  199  12:54  Spire  
  199  12:56  Overseer  
  199  12:57  Muscular Augments  
  198  13:11  Queen  
  190  13:13  Viper x3  
  190  13:18  Drone x3  
  197  13:20  Roach x32  
  197  13:21  Drone  
  197  13:22  Drone x2  
  197  13:26  Drone x2  
  200  13:28  Overseer  
  200  13:33  Hydralisk  
  199  13:40  Zerg Missile Weapons Level 3  
  199  13:42  Extractor x2  
  199  13:46  Drone, Hydralisk  
  200  14:08  Overseer  
  200  14:09  Greater Spire  
  200  14:10  Overlord x3  
  200  14:15  Overseer x3  
  200  14:32  Roach x27  
  183  14:48  Hydralisk  
  183  14:49  Hydralisk x7  
  199  14:55  Adaptive Talons  
  199  15:02  Viper x2  
  187  15:10  Hydralisk x2  
  186  15:14  Hydralisk  
  186  15:18  Hydralisk x3  
  186  15:19  Corruptor x7, Hydralisk  
  186  15:20  Hydralisk  
  195  15:24  Hydralisk  
  187  15:29  Zerg Flyer Weapons Level 1  
  187  15:30  Drone x6  
  187  15:34  Drone  
  178  16:01  Brood Lord x6  
  190  16:05  Brood Lord  
  190  16:09  Spine Crawler, Lurker  
  190  16:10  Spine Crawler  
  189  16:11  Roach x3  
  189  16:14  Lurker  
  190  16:20  Hydralisk x2  
  190  16:21  Hydralisk x3  
  192  16:29  Lurker x2  
  194  16:38  Hydralisk x3  
  196  17:17  Hydralisk x2  
  198  17:24  Drone  
  197  17:52  Hydralisk  
  197  17:58  Hydralisk x6  
  188  17:59  Hydralisk  
  188  18:00  Hydralisk  
  188  18:01  Overseer, Hydralisk x2  
  188  18:02  Hydralisk x2  
  188  18:03  Hydralisk  
  193  18:06  Hydralisk x3  
  195  18:15  Hydralisk x2  
  195  18:18  Hydralisk x4  
  199  18:22  Hydralisk x5  
  199  18:25  Hydralisk  
  199  18:26  Hydralisk  
  193  18:28  Roach x3  
  193  18:33  Roach x2  
  192  18:40  Roach x2  
  175  18:44  Lurker x2  
  175  18:45  Hydralisk x2  
  181  18:49  Drone x10  
  181  18:52  Roach, Hydralisk x3  
  176  18:59  Overlord  
  172  19:03  Hatchery  
  171  19:15  Overlord  
  171  19:20  Hydralisk x2  
  171  19:21  Hydralisk  
  171  19:23  Roach  
  158  19:26  Roach  
  151  19:33  Overlord  
  151  19:39  Lurker x2  
  151  19:40  Lurker  

Tags
 
Add a new tag
Caveats
  • Supply blocks, unpowered buildings, or Contaminate may cause inaccurate times.
  • Supply counts are checked every 10 seconds.